cohdb
Replays
Latest Replays
All Replays
Popular Replays
Top Player Replays
Match Explorer
How It Works
Community
CoH3 Stats
Reddit
Sign in to upload your games and track your stats! →
Sign in with Steam
Match 43761980
Unlisted
Match 43761980
Overview
Messages
Build Orders
End
Vickers Machine Gun Team
Construct Section Command Post
Selects Air and Sea Battlegroup
Dingo Light Scout Car
Infantry Section
Infantry Section
Grenade Package
Vickers Machine Gun Team
Construct Platoon Command Post
Humber Armored Car
Infantry Section
Infantry Section
CMP 15cwt Truck
6-pounder Anti-tank Gun Team
6-pounder Anti-tank Gun Team
Construct Company Command Post
Selects Commando Section Paradrop
Selects Supply Surplus
Selects Commando Support Section Paradrop
Selects Commando Section Paradrop
Selects Supply Surplus
Selects M1 Pack Howitzer Paradrop
Matilda II Heavy Tank
Commando Section Paradrop
Selects Anti-tank Rocket Loiter
Ol'Smokey
StoryCoffee
Cicero_540
2625091837
Shaft9987
hogarthw
F
-DEATHMARK-
0
0
Comments
sign in to comment!
No comments posted yet!